 Dungeon Crawl Stone Soup version 0.31-a0-145-g046c7d2549 (webtiles) character file.

Game seed: 17167047614960351407

38 jlumianski the Sneak (level 3, -2/17 HPs)
             Began as a Spriggan Enchanter on June 5, 2023.
             Slain by a hound (4 damage)
             ... on level 2 of the Dungeon.
             The game lasted 00:05:49 (885 turns).

jlumianski the Sneak (Spriggan Enchanter)            Turns: 885, Time: 00:05:50

Health: -2/17      AC:  2    Str:  4    XL:     3   Next: 25%
Magic:  8/8        EV: 17    Int: 18    God:
Gold:   51         SH:  0    Dex: 15    Spells: 4/7 levels left

rFire   . . .        a - +1 dagger
rCold   . . .        (no shield)
rNeg    . . .        b - +0 robe
rPois   .            (helmet restricted)
rElec   .            (no cloak)
rCorr   .            (gloves unavailable)
SInv    +            (boots unavailable)
Will    .....        (no amulet)
Stlth   +++          (no ring)
HPRegen 0.22/turn    (no ring)
MPRegen 0.11/turn

%: no passive effects
@: very quick
A: very small, no large weapons, unfitting armour, see invisible, speed 3
a: no special abilities


You were on level 2 of the Dungeon.
You visited 1 branch of the dungeon, and saw 2 of its levels.

You collected 51 gold pieces.

Inventory:

Hand Weapons
 a - a +1 dagger (weapon)
Missiles
 g - 10 stones (quivered)
Armour
 b - a +0 robe (worn)
 i - an orb of wrath
Magical Staves
 d - a staff of fire
Scrolls
 j - a scroll of fog {unknown}
 k - 2 scrolls of identify {unknown}
Potions
 c - 2 potions of invisibility
 e - a potion of brilliance {unknown}
 f - 2 potions of curing {unknown}
 h - a potion of resistance {unknown}


   Skills:
 + Level 0.3 Fighting
 + Level 1.9 Short Blades
 + Level 2.9 Dodging
 + Level 5.3 Stealth
 + Level 2.8 Spellcasting
 + Level 4.1 Hexes


You had 4 spell levels left.
You knew the following spells:

 Your Spells              Type           Power      Damage    Failure   Level
a - Confusing Touch       Hex            17%        N/A       10%         3

Your spell library contained the following spells:

 Spells                   Type           Power      Damage    Failure   Level
 Tukima's Dance           Hex            17%        N/A       10%         3
 Ensorcelled Hibernation  Hex/Ice        18%        N/A       11%         2
 Dazzling Flash           Conj/Hex       18%        N/A       22%         3


Dungeon Overview and Level Annotations

Branches:
Dungeon (2/15)

Altars:

Shops:
D:1 ?


Innate Abilities, Weirdness & Mutations

You are very small and have problems with some larger weapons.
You are too small for most types of armour.
You have supernaturally acute eyesight. (SInv)
You cover ground extremely quickly. (Speed+++)


Message History

You hit the kobold but do no damage.
The kobold is severely wounded.
The kobold hits you with a +0 short sword.
You hit the kobold but do no damage.
The kobold is severely wounded.
The kobold completely misses you.
You hit the kobold.
You kill the kobold!
g - 10 stones (gained 1)
Things that are here:
a +0 short sword; a kobold corpse A quokka comes into view.
You see here a scroll labelled UTTEICSEY FUYM.
k - 2 scrolls labelled UTTEICSEY FUYM (gained 1)
You now have 51 gold pieces (gained 12).
You see here a ball python skeleton.
Found 4 gold pieces.
Found a book of Hexes.
You closely miss the quokka. The quokka barely misses you.
You hit the quokka but do no damage. The quokka misses you.
You miss the quokka. The quokka closely misses you.
The quokka barely misses you.
You hit the quokka.
The quokka is moderately wounded.
The quokka bites you.
You hit the quokka but do no damage.
The quokka is moderately wounded.
A rat comes into view.
The quokka bites you but does no damage.
You hit the quokka.
The quokka is severely wounded.
The quokka bites you.
You hit the quokka.
You kill the quokka!
The hound bites you.
Found a scroll labelled ZIATEIKUCW.
The hound bites you.
* * * LOW HITPOINT WARNING * * *
You see here a quokka corpse.
The hound bites you.
You die...

.... ### ##..... ..
....... ######
#.########...... ......
...?............
#....###..... ..:.#....
#.........# #..##....
###....##@########.# #....
#......#†h##.......# #<..
.....#...###.......####.÷.
.......................)..
###................#.#....
#..r.......##$..#.#......
#..##..#######..#.........
.. #..# ##..#..##..... .
#.# #...#.....#...


You could see a hound and a rat.

Vanquished Creatures
  A gnoll (D:1)
  2 dart slugs (D:1)
  3 endoplasms (D:1)
  A giant cockroach (D:2)
  A goblin (D:1)
  2 hobgoblins
  4 kobolds
  A quokka (D:2)
  3 ball pythons
  2 bats (D:1)
  A frilled lizard (D:1)
  2 rats
23 creatures vanquished.

Notes
Turn   | Place    | Note
-------+----------+-------------------------------------------
     0 | D:1      | jlumianski the Spriggan Enchanter began the quest for the
                  | Orb.
     0 | D:1      | Reached XP level 1. HP: 9/9 MP: 5/5
   111 | D:2      | Noticed a hound
   140 | D:1      | Found Koxu's Magic Scroll Shop.
   226 | D:1      | Reached XP level 2. HP: 11/13 MP: 6/6
   251 | D:1      | Found a faded altar of an unknown god.
   453 | D:2      | Reached skill level 5 in Stealth
   763 | D:1      | Reached XP level 3. HP: 13/17 MP: 8/8
   767 | D:1      | Learned a level 3 spell: Confusing Touch
   885 | D:2      | Slain by a hound

Illustrated notes

Levels and vault maps discovered:
D:1:      lemuel_arrival_cross, layout_basic, serial_shops, shop,
          hellmonk_ecumenical_altar_run_dry, reono_crystal_passage
D:2:      layout_rooms

Skill      XL: |  1  2 |
---------------+-------+-----
Stealth        | 5 |  5.3
Hexes          | 4 |  4.1
Fighting       | |  0.3
Short Blades   | |  1.9
Dodging        | |  2.9
Spellcasting   | |  2.8

Action                     || total
---------------------------++-------
  Melee: Dagger            ||    85
         Punch             ||     1
   Stab: Sleeping          ||     5
 Armour: Robe              ||     9
  Dodge: Dodged            ||    50

Table legend: (Time is in decaauts)
 A = Elapsed time spent in this place.
 B = Non-inter-level travel time spent in this place.
 C = Inter-level travel time spent in this place.
 D = Time resting spent in this place.
 E = Time spent auto-exploring this place.
 F = Levels seen in this place.
 G = Mean time per level.
                   A        B        C        D        E       F      G
               +--------+--------+--------+--------+--------+-----+--------+
         Total |    624 |    624 |      0 |      7 |    259 |   2 |  312.0 |
       Dungeon |    624 |    624 |      0 |      7 |    259 |   2 |  312.0 |
               +--------+--------+--------+--------+--------+-----+--------+

Top non-repeatable levels by time:
     D:1: 527 daAuts
     D:2: 97 daAuts
